 Dungeon Crawl Stone Soup version 0.23-a0-607-g760965b (webtiles) character file.

286 KatzNutz the Digger (level 6, -5/44 HPs)
             Began as a Formicid Earth Elementalist on Dec 20, 2018.
             Was an Initiate of Cheibriados.
             Slain by an iguana (11 damage)
             ... on level 4 of the Dungeon.
             The game lasted 00:18:20 (5573 turns).

KatzNutz the Digger (Formicid Earth Elementalist)   Turns: 5573, Time: 00:18:21

Health: -5/44      AC:  3    Str: 14    XL:     6   Next: 56%
Magic:  11/11      EV: 12    Int: 17    God:    Cheibriados [......]
Gold:   213        SH:  0    Dex: 12    Spells: 8/12 levels left

rFire    . . .     SeeInvis +   g - +1 morningstar (holy)
rCold    . . .     Gourm    .   (no shield)
rNeg     . . .     Faith    .   j - +0 leather armour
rPois    .         Spirit   .   (helmet unavailable)
rElec    .         Reflect  .   (no cloak)
rCorr    .         Harm     .   (no gloves)
MR       .....                  (no boots)
Stlth    +++.......             (no amulet)
HPRegen  0.14/turn              a - ring of stealth
MPRegen  0.12/turn              (no ring)

@: slow
A: permanent stasis, dig shafts and tunnels, four strong arms, antennae 3
a: Dig, Shaft Self, Bend Time, Renounce Religion


You were on level 4 of the Dungeon.
You worshipped Cheibriados.
Cheibriados was noncommittal.
You were very hungry.

You visited 2 branches of the dungeon, and saw 5 of its levels.

You collected 213 gold pieces.

Inventory:

Hand Weapons
 g - a +1 morningstar of holy wrath (weapon)
 p - a +0 trident
Missiles
 b - 10 stones (quivered)
 i - 2 javelins
 l - 8 tomahawks
Armour
 c - a +0 robe
 j - a +0 leather armour (worn)
Jewellery
 a - a ring of stealth (left hand)
Scrolls
 f - 2 scrolls of remove curse
 h - 3 scrolls of teleportation
 k - a scroll of identify
 m - 2 scrolls of amnesia {unknown}
 o - a scroll of enchant weapon {unknown}
 q - a scroll of random uselessness {unknown}
 s - a scroll of immolation {unknown}
 t - a scroll of blinking {unknown}
Potions
 e - 3 potions of curing
 n - a potion of brilliance {unknown}
 r - a potion of agility {unknown}
Comestibles
 d - 5 rations


   Skills:
 + Level 2.2 Fighting
 - Level 0.2 Throwing
 + Level 2.1 Armour
 - Level 1.7 Dodging
 - Level 2.4 Stealth
 + Level 3.8 Spellcasting
 * Level 1.7 Conjurations
   Level 1.1 Transmutations
 + Level 5.4 Earth Magic


You had 8 spell levels left.
You knew the following spells:

 Your Spells              Type           Power        Failure   Level  Hunger
a - Sandblast             Erth           ###...       1%          1    None
b - Stone Arrow           Conj/Erth      ###...       14%         3    ###....

Your spell library contained the following spells:

 Spells                   Type           Power        Failure   Level  Hunger
 Passwall                 Tmut/Erth      ##......     8%          2    ##.....
 Petrify                  Tmut/Erth      ##......     45%         4    ####...
 Lee's Rapid Deconstruct  Erth           ###.......   50%         5    ######.


Dungeon Overview and Level Annotations

Branches:
Dungeon (4/15)             Temple (1/1) D:4

Altars:
Ashenzari
Cheibriados
Dithmenos
Elyvilon
Fedhas
Hepliaklqana
Kikubaaqudgha
Makhleb
Nemelex Xobeh
Okawaru
Qazlal
Ru
Sif Muna
Trog
Uskayaw
Vehumet
Wu Jian
Xom
Yredelemnul
Zin
The Shining One

Annotations:
D:2 exclusion: downstairs


Innate Abilities, Weirdness & Mutations

You cannot be hasted, slowed, berserked, paralysed or teleported.
You can dig through walls and to a lower floor.
Your four strong arms can wield two-handed weapons with a shield.
You have a pair of large antennae on your head. (SInv)


Message History

The iguana bites you!
You barely miss the iguana.
The iguana is severely wounded.
The iguana bites you! The iguana bites you.
You are too injured to fight recklessly!
You are too injured to fight recklessly!
You barely miss the iguana.
The iguana is severely wounded.
The iguana misses you.
You hit the iguana.
The iguana is almost dead.
The iguana closely misses you. The iguana completely misses you.
You closely miss the iguana.
The iguana is almost dead.
The iguana bites you!
* * * LOW HITPOINT WARNING * * *
You closely miss the iguana.
The iguana is almost dead.
The iguana bites you!
You die...

♣.♣♣ ♣.♣♣
♣..♣ ♣♣.♣
♣♣ ♣.♣
♣♣♣.♣♣♣♣.♣
♣....♣...♣
♣.....♣
♣♣.@.♣♣
♣l♣♣♣ ♣.
♣♣


You could see an iguana.

Vanquished Creatures
  An orc priest (D:3)
  An orc wizard (D:3)
  Terence (D:3)
  Robin (D:2)
  3 adders
  3 gnolls (D:2)
  An ooze (D:1)
  2 worms
  A dart slug (D:3)
  4 leopard geckos
  10 orcs (D:3)
  3 ball pythons
  4 giant cockroaches
  9 goblins
  12 hobgoblins
  10 jackals
  5 kobolds
  A quokka (D:3)
  15 bats
  5 frilled lizards
  16 rats
108 creatures vanquished.

Notes
Turn   | Place    | Note
-------+----------+-------------------------------------------
     0 | D:1      | KatzNutz the Formicid Earth Elementalist began the quest
                  | for the Orb.
     0 | D:1      | Reached XP level 1. HP: 13/13 MP: 3/3
   118 | D:1      | Reached skill level 4 in Earth Magic
   155 | D:1      | Reached XP level 2. HP: 7/19 MP: 0/5
   453 | D:1      | Reached XP level 3. HP: 22/24 MP: 2/6
  1200 | D:1      | Learned a level 3 spell: Stone Arrow
  1374 | D:2      | Reached XP level 4. HP: 30/31 MP: 8/8
  2476 | D:2      | Reached skill level 1 in Fighting
  2738 | D:2      | Noticed Robin
  2781 | D:2      | Killed Robin
  3003 | D:2      | Reached skill level 5 in Earth Magic
  3003 | D:2      | Reached XP level 5. HP: 36/37 MP: 7/9
  3007 | D:2      | Reached skill level 1 in Armour
  3144 | D:2      | Reached skill level 1 in Conjurations
  4009 | D:3      | Reached XP level 6. HP: 33/44 MP: 3/11
  4592 | D:3      | Noticed Terence
  5030 | D:3      | Killed Terence
  5347 | D:4      | Found a staircase to the Ecumenical Temple.
  5358 | Temple   | Entered the Ecumenical Temple
  5444 | Temple   | Became a worshipper of Cheibriados the Contemplative
  5573 | D:4      | Slain by an iguana

Vault maps used:
D:1:      nzn_arrival_depleted_hourglass
D:2:      minmay_rat_gold_closets, uniq_robin
D:3:      minmay_misc_feat_diagonals, uniq_terence
D:4:      kb_forest_paths, minmay_temple_entry_tees
Temple:   grunt_wide_crystal_templ

Skill      XL: |  1  2  3  4  5  6 |
---------------+-------------------+-----
Earth Magic    | 4 5 |  5.4
Spellcasting   | 3 |  3.8
Fighting       | 1 2 |  2.2
Armour         | 1 2 |  2.1
Conjurations   | 1 |  1.7
Throwing       | |  0.2
Dodging        | |  1.7
Stealth        | |  2.4
Transmutations | |  1.1

Action                   |  1- 3 |  4- 6 || total
-------------------------+-------+-------++-------
Melee: Club              |    74 |   135 ||   209
       Unarmed           |     3 |       ||     3
       Morningstar       |       |    97 ||    97
       Spear             |       |    10 ||    10
Throw: Tomahawk          |       |    10 ||    10
       Stone             |       |     1 ||     1
 Cast: Sandblast         |    34 |    58 ||    92
       Stone Arrow       |       |     4 ||     4
  Use: Scroll            |       |     3 ||     3
 Stab: Sleeping          |     3 |    14 ||    17
  Eat: Chunk             |     2 |    13 ||    15
Armor: Robe              |    46 |     8 ||    54
       Leather armour    |       |    69 ||    69
Dodge: Dodged            |   117 |   208 ||   325

Table legend:
 A = Non-vault XP
 B = Vault XP
 C = Vault XP percentage of total XP
 D = Non-vault monster count
 E = Vault monster count
 F = Vault count percentage of total count
                 A         B        C        D         E       F
            +---------+---------+-------+---------+---------+-------
      Total |     332 |      77 |  18.8 |      90 |      18 |  16.7
            +---------+---------+-------+---------+---------+-------
        D:1 |      58 |       0 |   0.0 |      32 |       0 |   0.0
        D:2 |      97 |      39 |  28.7 |      25 |      17 |  40.5
        D:3 |     177 |      38 |  17.7 |      33 |       1 |   2.9
            +---------+---------+-------+---------+---------+-------
